PAA
ASHEVILLE HIGHLANDERS @ YAKIMA HOPS
07/19/2026
 
TOP OF THE 1ST
Asheville Highlanders batting - Pitching for Yakima Hops : RHP Mal Houser
Pitching: RHP Mal Houser
Batting: RHB Héctor Gallegos 0-0: Ball
1-0: Ground out 5-3 (Groundball, 5S)
Batting: RHB Andy Putman 0-0: Foul Ball, location: 2F
0-1: Foul Ball, location: 2F
0-2: Ball
1-2: Foul Ball, location: 2F
1-2: Ground out 5-3 (Groundball, 56S)
Batting: SHB Alejandro Castillo 0-0: Ball
1-0: Ball
2-0: Foul Ball, location: 2F
2-1: Ground out 5-3 (Groundball, 56)
Top of the 1st over - 0 run(s), 0 hit(s), 0 error(s), 0 left on base; Asheville 0 - Yakima 0
BOTTOM OF THE 1ST
Yakima Hops batting - Pitching for Asheville Highlanders : RHP Santiago Paez
Pitching: RHP Santiago Paez
Batting: RHB Reginald Kalkman 0-0: Ball
1-0: Foul Ball, location: 2F
1-1: Foul Ball, location: 2F
1-2: Ball
2-2: Strikes out swinging
Batting: RHB Juan García 0-0: Fly out, F2 (Popup, 23)
Batting: LHB César Nieves 0-0: Ball
1-0: Foul Ball, location: 2F
1-1: Fly out, F8 (Line Drive, 8RM)
Bottom of the 1st over - 0 run(s), 0 hit(s), 0 error(s), 0 left on base; Asheville 0 - Yakima 0
TOP OF THE 2ND
Asheville Highlanders batting - Pitching for Yakima Hops : RHP Mal Houser
Batting: RHB Ellis Harless 0-0: Ball
1-0: Foul Ball, location: 2F
1-1: Called Strike
1-2: Ball
2-2: Ground out 6-3 (Groundball, 6)
Batting: RHB Rob Gray 0-0: Swinging Strike
0-1: Called Strike
0-2: Strikes out looking
Batting: RHB Jan Gosselin 0-0: Called Strike
0-1: Ball
1-1: Foul Ball, location: 2F
1-2: Fly out, F8 (Flyball, 89M)
Top of the 2nd over - 0 run(s), 0 hit(s), 0 error(s), 0 left on base; Asheville 0 - Yakima 0
BOTTOM OF THE 2ND
Yakima Hops batting - Pitching for Asheville Highlanders : RHP Santiago Paez
Batting: RHB Diego Rodríguez 0-0: Ground out 6-3 (Groundball, 6)
Batting: LHB Bob Maher 0-0: Called Strike
0-1: Ball
1-1: Called Strike
1-2: Strikes out swinging
Batting: SHB Joaquín Reyes 0-0: Ball
1-0: Ball
2-0: Ground out 6-3 (Groundball, 6)
Bottom of the 2nd over - 0 run(s), 0 hit(s), 0 error(s), 0 left on base; Asheville 0 - Yakima 0
TOP OF THE 3RD
Asheville Highlanders batting - Pitching for Yakima Hops : RHP Mal Houser
Batting: RHB Ed Lastinger 0-0: Fly out, F4 (Popup, 4MS)
Batting: RHB Marcos Calderón 0-0: Ball
1-0: Ground out 6-3 (Groundball, 6)
Batting: LHB Edward Woodstock 0-0: Ball
1-0: Ball
2-0: SINGLE (Groundball, 25) (infield hit)
Batting: RHB Héctor Gallegos 0-0: Called Strike
Edward Woodstock is caught stealing 2nd base
Top of the 3rd over - 0 run(s), 1 hit(s), 0 error(s), 0 left on base; Asheville 0 - Yakima 0
BOTTOM OF THE 3RD
Yakima Hops batting - Pitching for Asheville Highlanders : RHP Santiago Paez
Batting: RHB Javier Marino 0-0: Called Strike
0-1: Called Strike
0-2: Ball
1-2: Ball
2-2: Strikes out swinging
Batting: RHB Chad Shafer 0-0: SINGLE (Groundball, 34D)
Batting: RHB Bryant Skelly 0-0: Ball
1-0: Foul Ball, location: 2F
1-1: Called Strike
1-2: Ball
2-2: SINGLE (Line Drive, 6MD)
Chad Shafer to second
Runner from 2nd tries for 3rd, SAFE, throw made to third
Batting: RHB Reginald Kalkman 0-0: Ball
Bryant Skelly is caught stealing 2nd base
1-0: Swinging Strike
1-1: Foul Ball, location: 2F
1-2: Ball
2-2: Foul Ball, location: 2F
2-2: Ground out 6-3 (Groundball, 6)
Bottom of the 3rd over - 0 run(s), 2 hit(s), 0 error(s), 1 left on base; Asheville 0 - Yakima 0
TOP OF THE 4TH
Asheville Highlanders batting - Pitching for Yakima Hops : RHP Mal Houser
Batting: RHB Héctor Gallegos 0-0: Ball
1-0: Called Strike
1-1: Foul Ball, location: 2F
1-2: Fly out, F8 (Flyball, 8RM)
Batting: RHB Andy Putman 0-0: Ball
1-0: Ground out 6-3 (Groundball, 56)
Batting: SHB Alejandro Castillo 0-0: Foul Ball, location: 2F
0-1: Ball
1-1: Fly out, F7 (Flyball, 7LS)
Top of the 4th over - 0 run(s), 0 hit(s), 0 error(s), 0 left on base; Asheville 0 - Yakima 0
BOTTOM OF THE 4TH
Yakima Hops batting - Pitching for Asheville Highlanders : RHP Santiago Paez
Batting: RHB Juan García 0-0: Called Strike
0-1: Ball
1-1: Swinging Strike
1-2: Strikes out swinging
Batting: LHB César Nieves 0-0: Called Strike
0-1: Called Strike
0-2: Foul Ball, location: 2F
0-2: Strikes out swinging
Batting: RHB Diego Rodríguez 0-0: Swinging Strike
0-1: Ground out 5-3 (Groundball, 56S)
Bottom of the 4th over - 0 run(s), 0 hit(s), 0 error(s), 0 left on base; Asheville 0 - Yakima 0
TOP OF THE 5TH
Asheville Highlanders batting - Pitching for Yakima Hops : RHP Mal Houser
Batting: RHB Ellis Harless 0-0: Ball
1-0: Fly out, F9 (Flyball, 9LM)
Batting: RHB Rob Gray 0-0: Called Strike
0-1: Ball
1-1: SINGLE (Line Drive, 56)
Batting: RHB Jan Gosselin 0-0: Called Strike
0-1: Foul Ball, location: 2F
0-2: SINGLE (Groundball, 6MD)
Rob Gray to second
Batting: RHB Ed Lastinger 0-0: Ball
1-0: Swinging Strike
1-1: Ball
2-1: Called Strike
2-2: Strikes out swinging
Batting: RHB Marcos Calderón 0-0: Ball
1-0: Foul Ball, location: 2F
1-1: SINGLE (Groundball, 6M) (infield hit)
Rob Gray to third
Jan Gosselin to second
Batting: LHB Edward Woodstock 0-0: Swinging Strike
0-1: Ball
1-1: Called Strike
1-2: Ground out 1-3 (Groundball, 15)
Top of the 5th over - 0 run(s), 3 hit(s), 0 error(s), 3 left on base; Asheville 0 - Yakima 0
BOTTOM OF THE 5TH
Yakima Hops batting - Pitching for Asheville Highlanders : RHP Santiago Paez
Batting: LHB Bob Maher 0-0: Ball
1-0: Ball
2-0: Ball
3-0: Called Strike
3-1: Base on Balls
Batting: SHB Joaquín Reyes 0-0: Ball
1-0: Ball
2-0: Ball
3-0: Called Strike
3-1: Sac Bunt - play at second, runner OUT! 1-6
Batting: RHB Javier Marino 0-0: Ball
1-0: Called Strike
1-1: Ball
2-1: Foul Ball, location: 2F
2-2: Ball
3-2: Foul Ball, location: 2F
3-2: Strikes out looking
Batting: RHB Chad Shafer 0-0: Ball
1-0: Ball
2-0: Ground out 1-3 (Groundball, 15)
Bottom of the 5th over - 0 run(s), 0 hit(s), 0 error(s), 1 left on base; Asheville 0 - Yakima 0
TOP OF THE 6TH
Asheville Highlanders batting - Pitching for Yakima Hops : RHP Mal Houser
Batting: RHB Héctor Gallegos 0-0: SINGLE (Flyball, 89M)
Batting: RHB Andy Putman 0-0: Bunted foul
0-1: Sac Bunt - play at first, batter OUT! 1-4
Héctor Gallegos to second
Batting: SHB Alejandro Castillo 0-0: Ball
1-0: Ball
2-0: Fly out, F9 (Flyball, 89S)
Batting: RHB Ellis Harless 0-0: Foul Ball, location: 2F
0-1: Called Strike
0-2: Ball
1-2: Ball
2-2: Ball
3-2: Ground out 6-3 (Groundball, 6)
Top of the 6th over - 0 run(s), 1 hit(s), 0 error(s), 1 left on base; Asheville 0 - Yakima 0
BOTTOM OF THE 6TH
Yakima Hops batting - Pitching for Asheville Highlanders : RHP Santiago Paez
Batting: RHB Bryant Skelly 0-0: Ground out 6-3 (Groundball, 6)
Batting: RHB Reginald Kalkman 0-0: Called Strike
0-1: Called Strike
0-2: Ball
1-2: Ground out 1-3 (Groundball, 13S)
Batting: RHB Juan García 0-0: Ball
1-0: Called Strike
1-1: Ball
2-1: Swinging Strike
2-2: Ball
3-2: Fly out, F8 (Flyball, 8RM)
Bottom of the 6th over - 0 run(s), 0 hit(s), 0 error(s), 0 left on base; Asheville 0 - Yakima 0
TOP OF THE 7TH
Asheville Highlanders batting - Pitching for Yakima Hops : RHP Mal Houser
Batting: RHB Rob Gray 0-0: Swinging Strike
0-1: Ground out 5-3 (Groundball, 56S)
Batting: RHB Jan Gosselin 0-0: Swinging Strike
0-1: Called Strike
0-2: Strikes out looking
Batting: RHB Ed Lastinger 0-0: Ball
1-0: Ground out 1-3 (Groundball, 15S)
Top of the 7th over - 0 run(s), 0 hit(s), 0 error(s), 0 left on base; Asheville 0 - Yakima 0
BOTTOM OF THE 7TH
Yakima Hops batting - Pitching for Asheville Highlanders : RHP Santiago Paez
Batting: LHB César Nieves 0-0: Called Strike
0-1: Ball
1-1: Foul Ball, location: 2F
1-2: Foul Ball, location: 2F
1-2: Ball
2-2: Foul Ball, location: 2F
2-2: Fly out, F3 (Popup, 3L)
Batting: RHB Diego Rodríguez 0-0: Called Strike
0-1: Fly out, F5 (Line Drive, 56)
Batting: LHB Bob Maher 0-0: Foul Ball, location: 2F
0-1: Foul Ball, location: 2F
0-2: Foul Ball, location: 2F
0-2: Ball
1-2: Ball
2-2: Ball
3-2: Foul Ball, location: 2F
3-2: Fly out, F9 (Flyball, 9S)
Bottom of the 7th over - 0 run(s), 0 hit(s), 0 error(s), 0 left on base; Asheville 0 - Yakima 0
TOP OF THE 8TH
Asheville Highlanders batting - Pitching for Yakima Hops : RHP Mal Houser
Pinch Hitting: RHB Marshall Attwood 0-0: Called Strike
0-1: Ball
1-1: Ball
2-1: Swinging Strike
2-2: Reached on error, E6 (Groundball, 6)
Pinch Runner at 1st Miguel Montoya:
Batting: LHB Edward Woodstock 0-0: Called Strike
0-1: Bunt missed!
0-2: Ball
1-2: Ball
2-2: SINGLE (Line Drive, 56D)
Miguel Montoya to second
Batting: RHB Héctor Gallegos 0-0: Ball
1-0: Ball
2-0: Sac Bunt - play at first, batter OUT! 2-4
Miguel Montoya to third
Edward Woodstock to second
Batting: RHB Andy Putman 0-0: Called Strike
0-1: Foul Ball, location: 2F
0-2: Ball
1-2: Ball
2-2: Strikes out swinging
Pitching: RHP Reynaldo Maestas
Batting: SHB Alejandro Castillo 0-0: Foul Ball, location: 2F
0-1: Ball
1-1: DOUBLE (Line Drive, 7D)
Miguel Montoya scores
Edward Woodstock scores
Batting: RHB Ellis Harless 0-0: Called Strike
0-1: Foul Ball, location: 2F
0-2: Ball
1-2: Ball
2-2: Strikes out swinging
Top of the 8th over - 2 run(s), 2 hit(s), 1 error(s), 1 left on base; Asheville 2 - Yakima 0
BOTTOM OF THE 8TH
Yakima Hops batting - Pitching for Asheville Highlanders : RHP Santiago Paez
Now in CF: Miguel Montoya
Batting: SHB Joaquín Reyes 0-0: Ball
1-0: Ball
2-0: Ball
3-0: Base on Balls
Batting: RHB Javier Marino 0-0: Swinging Strike
0-1: Ball
1-1: Ball
2-1: Foul Ball, location: 2F
2-2: Ball
3-2: Strikes out looking
Pitching: RHP Luis López
Batting: RHB Chad Shafer 0-0: Foul Ball, location: 2F
0-1: Ball
1-1: Ball
2-1: Ball
3-1: Called Strike
3-2: SINGLE (Groundball, 6MD)
Joaquín Reyes to second
Pitching: RHP Justin Reynolds
Pinch Runner at 2nd Jim Unknown:
Pinch Hitting: SHB Jim Unknown 0-0: Ball
1-0: Fly out, F8 (Flyball, 78XD)
Runner from 2nd tags up, SAFE at 3rd, no throw
Batting: RHB Reginald Kalkman 0-0: Called Strike
0-1: Ball
1-1: Ball
2-1: Foul Ball, location: 2F
2-2: Ball
3-2: Ground out 1-3 (Groundball, 15S)
Bottom of the 8th over - 0 run(s), 1 hit(s), 0 error(s), 2 left on base; Asheville 2 - Yakima 0
TOP OF THE 9TH
Asheville Highlanders batting - Pitching for Yakima Hops : RHP Reynaldo Maestas
Now in LF: Jim Unknown
Batting: RHB Rob Gray 0-0: Called Strike
0-1: Reached via error on a dropped throw, E3
Batting: RHB Jan Gosselin 0-0: Bunted foul
0-1: Bunted foul
0-2: Grounds into double play, 6-4-3 (Groundball, 6)
Batting: RHB Ed Lastinger 0-0: Called Strike
0-1: Ball
1-1: Ball
2-1: Foul Ball, location: 2F
2-2: Ball
3-2: Ground out 1-3 (Groundball, 13S)
Top of the 9th over - 0 run(s), 0 hit(s), 1 error(s), 0 left on base; Asheville 2 - Yakima 0
BOTTOM OF THE 9TH
Yakima Hops batting - Pitching for Asheville Highlanders : RHP Justin Reynolds
Pitching: RHP Brandon McAllister
Batting: RHB Juan García 0-0: Swinging Strike
0-1: Called Strike
0-2: TRIPLE (Flyball, 78M)
Batting: LHB César Nieves 0-0: Foul Ball, location: 2F
0-1: Ground out 4-3 (Groundball, 4)
Juan García scores
Batting: RHB Diego Rodríguez 0-0: Ball
1-0: Called Strike
1-1: Ball
2-1: Foul Ball, location: 2F
2-2: Strikes out swinging
Batting: LHB Bob Maher 0-0: Ball
1-0: SINGLE (Line Drive, 8RS)
Batting: RHB Jim Unknown 0-0: Ball
1-0: Fly out, F9 (Line Drive, 9)
Bottom of the 9th over - 1 run(s), 2 hit(s), 0 error(s), 1 left on base; Asheville 2 - Yakima 1
Monday, March 20th, 2017 - OOTP Baseball 17.12 Build 75